 Dungeon Crawl Stone Soup version 0.30.1-11-g7821555f0a (webtiles) character file.

Game seed: 12344182824869265100

320 Nonny the Ogre Mage (level 6, -5/59 HPs)
             Began as an Ogre Air Elementalist on Dec 2, 2023.
             Was a Follower of Ashenzari.
             Slain by an ogre
             ... wielding a +0 giant club
              (36 damage)
             ... on level 4 of the Dungeon.
             The game lasted 00:15:55 (4497 turns).

Nonny the Ogre Mage (Ogre Air Elementalist)         Turns: 4497, Time: 00:15:55

Health: -5/59      AC:  3    Str: 13    XL:     6   Next: 46%
Magic:  13/13      EV: 10    Int: 18    God:    Ashenzari [*.....]
Gold:   125        SH:  0    Dex:  9    Spells: 5/15 levels left

rFire   . . .        m - staff of earth of the Unveiling Dismay (curse) {Evo, Range} (curse)
rCold   . . .        (no shield)
rNeg    . . .        a - +0 robe
rPois   .            (helmet restricted)
rElec   .            (no cloak)
rCorr   .            (gloves unavailable)
SInv    .            (boots unavailable)
Will    .....        j - amulet "Share My Frustration" {Reflect SH+5, Elem, Fort} (curse)
Stlth   +            (no ring)
HPRegen 0.29/turn    (no ring)
MPRegen 0.13/turn

%: reflection
@: confused, ambrosia-drunk
A: large, unfitting armour, tough skin 1
a: Renounce Religion, Shatter the Chains


You were on level 4 of the Dungeon.
You worshipped Ashenzari.
Ashenzari was aware of your devotion.
You visited 1 branch of the dungeon, and saw 4 of its levels.

You collected 125 gold pieces.

Inventory:

Missiles
 d - 34 stones (quivered)
 t - 5 javelins
Armour
 a - a +0 robe (worn)
Magical Staves
 m - the cursed staff of earth of the Unveiling Dismay (weapon) {Evo, Range}
   (You found it on level 2 of the Dungeon)

   [staff of earth]

   Base accuracy: +5 Base damage: 5 Base attack delay: 1.2 This weapon's minimum
   attack delay (0.6) is reached at skill level 12.
   It falls into the 'Staves' category.
   It is a one-handed weapon.
   It has a curse which improves the following skills: Evocations: Evocations.
   Ranged Combat: Ranged Weapons and Throwing.
Jewellery
 j - the cursed amulet "Share My Frustration" (around neck) {Reflect SH+5, Elem, Fort}
   (You found it on level 2 of the Dungeon)

   [amulet of reflection]

   It reflects blocked missile attacks.
   SH:        It affects your SH (+5).
   It has a curse which improves the following skills: Elements: Fire Magic, Ice
   Magic, Air Magic and Earth Magic.
   Fortitude: Armour and Shields.
 n - a ring of resist corrosion
Wands
 c - a wand of quicksilver (15)
 e - a wand of mindburst (20)
Scrolls
 h - a scroll of blinking
 i - a scroll of summoning
 l - a scroll of amnesia
 p - a scroll of teleportation
 q - a scroll of poison
 r - a scroll of enchant armour
 s - a scroll of magic mapping
 u - a scroll of enchant weapon
Potions
 b - 2 potions of magic
 f - a potion of heal wounds
 g - a potion of haste


   Skills:
 + Level 2.5 Fighting
 + Level 2.6 Staves
 - Level 3.0 Dodging
 - Level 2.0 Stealth
 + Level 5.0 Spellcasting
 - Level 0.8 Conjurations
 - Level 2.6(3.3) Air Magic


You had 5 spell levels left.
You knew the following spells:

 Your Spells              Type           Power      Damage    Failure   Level
a - Shock                 Conj/Air       48%        1d6       5%          1
b - Static Discharge      Conj/Air       24%        2-3/arc   9%          2
c - Swiftness             Air            16%        N/A       10%         3
d - Airstrike             Air            8%         2d(2-18)  32%         4

Your spell library contained the following spells:

 Spells                   Type           Power      Damage    Failure   Level


Dungeon Overview and Level Annotations

Branches:
Dungeon (4/15)
 Temple: D:4-7

Altars:
Ashenzari
Elyvilon
Makhleb
Okawaru
Vehumet
Wu Jian


Innate Abilities, Weirdness & Mutations

You are too large for most types of armour.
You have tough skin. (AC +1)


Message History

Unknown command.
Casting: Shock (safe; 5% risk of failure)
Confirm with . or Enter, or press ? or * to list all spells.
The gnoll is struck by an arc of lightning.
You kill the gnoll!
You are struck by an arc of lightning.
Unknown command.
Unknown command.
Okay, then.
You are confused.
You feel invigorated. The ogre barely misses you.
Unknown command.
The ogre hits you with a +0 giant club!!
Ouch! That really hurt!
* * * LOW HITPOINT WARNING * * *
You hear a shout!
Unknown command.
You feel much better.
A gnoll bouda comes into view. It is wielding a +0 club.
You hit the ogre.
The ogre is lightly wounded.
The ogre barely misses you.
Unknown command.
You bump into the stone wall.
The ogre hits you with a +0 giant club!
Unknown command.
You hit the ogre but do no damage.
The ogre is lightly wounded.
Unknown command.
You hit the ogre but do no damage.
The ogre is lightly wounded.
The ogre hits you with a +0 giant club!!
Unknown command.
You are too confused!
Unknown command.
You are too confused!
Okay, then.
You bump into the stone wall.
The ogre hits you with a +0 giant club!!!
Ouch! That really hurt!
You die...

#......# .#
## #.....## #
# ##...###. #
#.......# #
####O#.......
.
#g.)g.......#
#g##...###...
#O##...# ...
#@##.g.# .
#.###.... ...
..... .....
......
.........####
.........
#..........
#........[#.


You could see an ogre and 2 gnolls.

Vanquished Creatures
  A howler monkey (D:4)
  A crimson imp (D:3)
  3 iguanas
  3 gnolls
  5 adders
  4 worms
  4 dart slugs
  3 orcs
  7 ball pythons
  6 endoplasms
  6 giant cockroaches
  8 goblins
  3 hobgoblins
  6 jackals (D:3)
  4 kobolds
  2 quokkas
  3 bats
  3 frilled lizards
  5 rats
77 creatures vanquished.

Vanquished Creatures (others)
  A butterfly (D:4)
1 creature vanquished.

Grand Total: 78 creatures vanquished

Notes
Turn   | Place    | Note
-------+----------+-------------------------------------------
     0 | D:1      | Nonny the Ogre Air Elementalist began the quest for the
                  | Orb.
     0 | D:1      | Reached XP level 1. HP: 16/16 MP: 3/3
   144 | D:1      | Found a faded altar of an unknown god.
   321 | D:1      | Reached XP level 2. HP: 24/24 MP: 2/5
   645 | D:1      | Learned a level 2 spell: Static Discharge
   915 | D:1      | Reached skill level 3 in Spellcasting
   999 | D:1      | Reached XP level 3. HP: 18/31 MP: 2/7
  1003 | D:1      | Learned a level 3 spell: Swiftness
  1086 | D:2      | Found a broken altar of Ashenzari.
  1229 | D:2      | Became a worshipper of Ashenzari the Shackled
  1257 | D:2      | staff of earth
  1765 | D:2      | Reached XP level 4. HP: 39/39 MP: 4/9
  1770 | D:2      | Learned a level 4 spell: Airstrike
  2169 | D:3      | Large crystal wall vault in southeast; only contains +3
                  | plate armor.
  2289 | D:3      | Found a broken altar of Ashenzari.
  2429 | D:3      | Reached skill level 1 in Fighting
  2589 | D:3      | Reached skill level 4 in Spellcasting
  2640 | D:3      | Reached skill level 1 in Staves
  2740 | D:3      | Reached XP level 5. HP: 48/48 MP: 8/11
  2921 | D:3      | Identified the +1 glaive of Cheese {heavy, Will++}
  2923 | D:3      | Found a burning altar of Makhleb.
  2977 | D:3      | Found a radiant altar of Vehumet.
  3468 | D:3      | Reached * piety under Ashenzari
  3478 | D:3      | Found an ornate altar of the Wu Jian Council.
  3927 | D:4      | Found an iron altar of Okawaru.
  4062 | D:4      | Reached XP level 6. HP: 14/57 MP: 9/13
  4063 | D:4      | HP: 2/57 [iguana (13)]
  4201 | D:4      | Noticed a water moccasin
  4329 | D:4      | Found a white marble altar of Elyvilon.
  4481 | D:4      | Reached skill level 5 in Spellcasting
  4491 | D:4      | HP: 2/59 [ogre/+0 giant club (32)]
  4497 | D:4      | Slain by an ogre

Illustrated notes

##........#
###..#......#
##...##...<..#
#..###.......# #<##
#.#######
###.####.########
........†##.....##
..#..............##
#...............@.#
..................#
##................#
#................#
#................#
#...............?#
##..............##
#......##..>..##


Turn 1257 on D:2: staff of earth ##...........##...# #...♣♣♣#♣♣♣...###.## ...♣♣
♣♣...##..# ..♣♣ ♣♣...##.# .♣♣ ♣♣..##.# .♣ ♣...#.# .♣ ♣...'.# .# #...'.# .♣
♣..@'.# .♣ ♣...### .♣♣ ♣♣..## ..♣♣ ♣♣...# ...♣♣ ♣♣...## #...♣♣♣#♣♣♣...##
##...........## ##.........## ###.....### Turn 2169 on D:3: Large crystal wall
vault in southeast; only contains +3 plate armor.

Levels and vault maps discovered:
D:1:      dpeg_arrival_rooms_a, layout_basic,
          shapermc_ecumenical_altar_starsandcircs
D:2:      layout_rooms, basic_altar
D:3:      layout_basic, lemuel_round_altar, marbit_many_paths,
          grunt_temple_overflow_lords_of_destruction,
          hangedman_abyss_or_decor_lesser_grid, kennysheep_donut,
          hangedman_feature_mirror
D:4:      layout_loops_ring, kennysheep_okawaru_gauntlet,
          nicolae_elyvilon_peaceful_grove, kennysheep_generic_room_13

Skill      XL: |  1  2  3  4  5  6 |
---------------+-------------------+-----
Dodging        | 2 3 |  3.0
Spellcasting   | 3 4 5 |  5.0
Stealth        | 2 |  2.0
Fighting       | 1 2 |  2.5
Staves         | 1 2 |  2.6
Conjurations   | |  0.8
Air Magic      | |  2.6

Action                     |  1- 3 |  4- 6 || total
---------------------------+-------+-------++-------
  Melee: Unarmed           |    14 |       ||    14
         Dagger            |     5 |       ||     5
         Staff             |    25 |   162 ||   187
         Punch             |       |     1 ||     1
   Cast: Shock             |    53 |    51 ||   104
         Static Discharge  |    11 |    31 ||    42
         Airstrike         |       |     2 ||     2
         Swiftness         |       |     1 ||     1
 Invoke: Curse Item        |       |     2 ||     2
  Evoke: Wand              |       |     1 ||     1
    Use: Scroll            |     4 |     4 ||     8
         Potion            |     1 |     5 ||     6
   Stab: Sleeping          |       |     1 ||     1
 Armour: Robe              |    16 |    45 ||    61
  Dodge: Dodged            |    30 |   127 ||   157
  Block: Other             |     9 |    51 ||    60
         Reflection        |       |     1 ||     1
